 Dungeon Crawl Stone Soup version 0.29.1-2-gbd0b4ee654 (webtiles) character file.

Game seed: 3680652873185526614

120 funnyparkerb the Caller (level 4, -12/19 HPs)
             Began as a Felid Summoner on Oct 28, 2022.
             Killed by divine providence
             ... invoked by an orc priest
              (16 damage)
             ... on level 4 of the Dungeon.
             The game lasted 00:07:34 (3878 turns).

funnyparkerb the Caller (Felid Summoner)            Turns: 3878, Time: 00:07:35

Health: -12/19     AC:  1    Str:  4    XL:     4   Next: 75%
Magic:  7/10       EV: 18    Int: 18    God:
Gold:   179        SH:  0    Dex: 16    Spells: 1/10 levels left
                                        Lives:  0   Deaths: 1

rFire   . . .      SeeInvis +   (weapon unavailable)
rCold   . . .      Faith    .   (shield unavailable)
rNeg    . . .      Spirit   .   (body armour unavailable)
rPois   .          Reflect  .   (helmet unavailable)
rElec   .          Harm     .   (cloak unavailable)
rCorr   .          Rampage  .   (gloves unavailable)
Will    .....                   (boots unavailable)
Stlth   ++........              (no amulet)
HPRegen 0.06/turn               (no ring)
MPRegen 0.12/turn               (no ring)

@: quick
A: very small, claws 1, fangs 3, see invisible, speed 1, shaggy fur 1, stealthy
paws, no weapons or thrown items, no armour, multi-lived
a: no special abilities


You were on level 4 of the Dungeon.
You visited 1 branch of the dungeon, and saw 4 of its levels.

You collected 179 gold pieces.

Inventory:

Jewellery
 o - an amulet of guardian spirit
Scrolls
 b - 2 scrolls of magic mapping {unknown}
 d - 2 scrolls of teleportation {unknown}
 e - 2 scrolls of immolation {unknown}
 i - a scroll of butterflies {unknown}
 j - a scroll of enchant weapon {unknown}
 k - 4 scrolls of identify {unknown}
 l - 2 scrolls of poison {unknown}
 n - 2 scrolls of noise {unknown}
 q - a scroll of summoning {unknown}
Potions
 a - a potion of magic
 c - 3 potions of curing {unknown}
 f - a potion of berserk rage {unknown}
 g - a potion of attraction {unknown}
 h - a potion of invisibility {unknown}
 m - 4 potions of heal wounds {unknown}
 p - 2 potions of might {unknown}


   Skills:
 + Level 1.2 Fighting
 + Level 3.3 Dodging
 - Level 2.6 Stealth
 + Level 3.5 Spellcasting
 + Level 1.8 Hexes
 + Level 5.1 Summonings


You had one spell level left.
You knew the following spells:

 Your Spells              Type           Power      Damage    Failure   Level
a - Summon Small Mammal   Summ           84%        N/A       1%          1
b - Call Imp              Summ           21%        N/A       2%          2
c - Call Canine Familiar  Summ           21%        N/A       5%          3
d - Summon Guardian Gole  Hex/Summ       15%        N/A       11%         3

Your spell library contained the following spells:

 Spells                   Type           Power      Damage    Failure   Level
 Beastly Appendage        Tmut           6%         N/A       16%         1
 Necrotise                Necr           12%        1d4       16%         1
 Wereblood                Tmut           3%         N/A       24%         2
 Gell's Gravitas          Tloc           3%         N/A       43%         3
 Lesser Beckoning         Tloc           3%         N/A       43%         3
 Spider Form              Tmut/Pois      3%         N/A       43%         3
 Teleport Other           Tloc           3%         N/A       43%         3
 Vampiric Draining        Necr           3%         2d6       43%         3
 Summon Lightning Spire   Summ/Air       12%        N/A       47%         4
 Agony                    Necr           3%         N/A       99%         5


Dungeon Overview and Level Annotations

Branches:
Dungeon (4/15)
 Temple: D:4-7

Altars:

Shops:
D:1 :   D:2 ?


Innate Abilities, Weirdness & Mutations

You have sharp claws.
You have razor-sharp teeth.
You have supernaturally acute eyesight. (SInv)
You cover ground quickly. (Speed+)
You are covered in fur. (AC +1)
Your paws help you pounce on unaware monsters.
You are incapable of wielding weapons or throwing items.
You cannot wear armour.
You gain extra lives every three experience levels.


Message History

Your hound closely misses the iguana.
Your crimson imp hits the iguana.
The iguana dies!
You start resting.
Your crimson imp disappears in a puff of smoke!
Your hound disappears in a puff of smoke!
Magic restored.
You start resting.
HP restored.
c - 3 fuming dark potions (gained 1)
An orc comes into view. It is wielding a +0 hand axe.
Casting: Call Canine Familiar (quite dangerous; 5% risk of failure)
Confirm with . or Enter, or press ? or * to list all spells.
The orc shouts!
You hear a shout! x3
What are your orders? t - Meow!
Orders for allies: a - Attack new target. r - Retreat! s - Stop attacking. g - Guard the area. f - Follow me.
Anything else - Cancel.
Gang up on whom?
Press: ? - help, Dir - move target, f - orc
Aim: an orc, wielding a +0 hand axe (ally target) Attack!
Your hound bites the orc.
The orc hits your hound with a +0 hand axe.
Your hound barely misses the orc.
An orc priest comes into view. It is wielding a +0 flail.
Your hound barely misses the orc.
The orc completely misses your hound.
An orc comes into view. It is wielding a +0 flail.
The orc priest invokes the aid of Beogh against you.
Beogh smites you!
Ouch! That really hurt!
* * * LOW HITPOINT WARNING * * *
Your hound bites the orc.
The orc dies!
The orc priest calls down the wrath of Beogh upon you.
Beogh smites you!
Ouch! That really hurt!
You die...

............ .### ...
#... o.##... o.... ...
#h# #.## #..#####...
#..@....... #.
#.......... . #.
#####+.......##. .##.
#.........#..#
..#.#####....†.##.#.##
........÷.##....##.##
.......##§##)......#
#.......o###.##.##.#
#........##.## ... #


You could see an orc priest (ally target), an orc and a friendly hound
(summoned).

Vanquished Creatures
  A dart slug (D:1)
  An endoplasm (D:1)
  2 hobgoblins (D:1)
  A quokka (D:2)
  A ball python (D:4)
  2 bats
  A frilled lizard (D:1)
  3 rats
12 creatures vanquished.

Vanquished Creatures (collateral kills)
  An orc priest (D:4)
  An iguana (D:4)
  7 adders
  3 worms (D:2)
  2 dart slugs
  4 orcs
  6 ball pythons
  An endoplasm (D:3)
  2 giant cockroaches
  2 hobgoblins
  3 quokkas
  2 bats (D:1)
  2 frilled lizards
  4 goblins
  4 kobolds
  A rat (D:1)
45 creatures vanquished.

Vanquished Creatures (others)
  4 toadstools (D:1)
4 creatures vanquished.

Grand Total: 61 creatures vanquished

Notes
Turn   | Place    | Note
-------+----------+-------------------------------------------
     0 | D:1      | funnyparkerb the Felid Summoner began the quest for the
                  | Orb.
     0 | D:1      | Reached XP level 1. HP: 7/7 MP: 4/4
   372 | D:1      | Reached XP level 2. HP: 10/11 MP: 3/6
   386 | D:1      | Learned a level 2 spell: Call Imp
   902 | D:1      | Found a faded altar of an unknown god.
   932 | D:1      | Found Quoff's Book Boutique.
  1331 | D:2      | Reached XP level 3. HP: 14/14 MP: 5/8
  1415 | D:2      | Found Tafoc's Magic Scroll Boutique.
  2124 | D:2      | Reached XP level 4. HP: 18/18 MP: 6/9
  2374 | D:2      | Identified the +8 spear of Buississ {venom, rPois Str+2
                  | Stlth+}
  2504 | D:3      | Learned a level 3 spell: Call Canine Familiar
  2508 | D:3      | Learned a level 3 spell: Summon Guardian Golem
  3075 | D:3      | Reached skill level 5 in Summonings
  3199 | D:3      | Reached skill level 1 in Hexes
  3624 | D:4      | Slain by an iguana
  3625 | D:4      | Reached XP level 3. HP: 0/15 MP: 7/8
  3662 | D:4      | Reached skill level 1 in Fighting
  3662 | D:4      | Reached XP level 4. HP: 7/19 MP: 0/10
  3878 | D:4      | Killed from afar by an orc priest

Illustrated notes

Levels and vault maps discovered:
D:1:      ldierk_walled_garden_2, layout_basic, serial_shops, shop,
          chequers_ecumenical_altar_lobes, serial_curves, eino_curves_03,
          eino_curves_04
D:2:      layout_loops_corners, serial_shops, shop, eino_tiny_chamber
D:3:      layout_basic
D:4:      layout_cave_pools, lemuel_mausoleum_altar_yredelemnul,
          old_standard_altar, serial_rivers, chequers_serial_rivers_room_a,
          chequers_serial_rivers_large_a, chequers_serial_rivers_micro_c,
          chequers_serial_rivers_room_a, serial_shops,
          nicolae_inconvenience_store, nicolae_shop_waterfront

Skill      XL: |  1  2  3  4 |
---------------+-------------+-----
Spellcasting   | 3 |  3.5
Summonings     | 5 |  5.1
Dodging        | 3 |  3.3
Hexes          | 1 |  1.8
Fighting       | 1 |  1.2
Stealth        | |  2.6

Action                   |  1- 3 |  4- 6 || total
-------------------------+-------+-------++-------
Melee: Unarmed           |    40 |       ||    40
       Bite              |     2 |       ||     2
 Cast: Summon Small Mamm |    32 |       ||    32
       Call Imp          |    14 |     4 ||    18
       Call Canine Famil |     2 |    11 ||    13
 Stab: Distracted        |     1 |       ||     1
Armor: Skin              |     9 |       ||     9
Dodge: Dodged            |    69 |    10 ||    79
